 Dungeon Sprint DCSS version 0.30-a0-1160-g6e42c06551 (webtiles) character file.

Game seed: 17966476957868930745

539 FlurksSlurper the Sneak (level 7, -8/72 HPs)
             Began as a Troll Brigand on Apr 26, 2023.
             Was an Initiate of Gozag.
             Mangled by a +2 glaive of protection (30 damage)
             ... in the Dungeon (Sprint V: "Ziggurat Sprint").
             The game lasted 00:02:01 (141 turns).

FlurksSlurper the Sneak (Troll Brigand)              Turns: 141, Time: 00:02:02

Health: -8/72      AC:  5    Str: 20    XL:     7   Next: 5%
Magic:  6/6        EV: 12    Int:  7    God:    Gozag
Gold:   576        SH:  0    Dex: 25    Spells: 6/6 levels left

rFire   . . .        a - +27 heavy crossbow "Sniper" {heavy, Acc+∞ SInv}
rCold   . . .        (shield currently unavailable)
rNeg    . . .        b - +0 robe
rPois   .            (helmet restricted)
rElec   .            c - +0 cloak
rCorr   .            (gloves unavailable)
SInv    +            (boots unavailable)
Will    .....        (no amulet)
Stlth   ++++         y - +6 ring of dexterity
HPRegen 1.12/turn    z - +6 ring of dexterity
MPRegen 0.10/turn

%: no teleportation
@: hasted, very quick
A: large, unfitting armour, claws 3, regeneration 1, shaggy fur 1, tough skin 1
a: Renounce Religion, Potion Petition, Call Merchant, Bribe Branch


You were in the Dungeon.
You worshipped Gozag.
Gozag was pleased with you.
You visited 1 branch You collected 576 gold pieces.

Inventory:

Hand Weapons
 a - the +27 heavy crossbow "Sniper" (weapon) {heavy, Acc+∞ SInv}
   (You found it in the Dungeon)

   Acc+∞: It never misses its target.
   SInv:      It lets you see invisible.
 F - the +16 obsidian axe {drain, demonic, Mesm Drain Fly SInv}
   (You found it in the Dungeon)

   Mesm:      Its wielder is mesmerised by any visible foes, and it cannot be
   unequipped while any foes are visible.
   SInv:      It lets you see invisible.
   Fly:       It grants you flight.
   Drain:     It drains your maximum health when unequipped.
 G - the +6 shillelagh "Devastator" {shatter}
   (You found it in the Dungeon)
 H - the +8 storm bow {elec, penet}
   (You found it in the Dungeon)
Missiles
 d - 9 poisoned darts
 e - 3 curare-tipped darts
Armour
 b - a +0 robe (worn)
 c - a +0 cloak (worn)
 I - the +18 shield of the Gong {Loud rN+ Will+ rCorr EV-5}
   (You found it in the Dungeon)

   Loud:      It is deafeningly noisy when blocking attacks.
   EV:        It affects your evasion (-5).
   rN:        It protects you from negative energy.
   rCorr:     It protects you from acid and corrosion.
   Will:      It increases your willpower.
Jewellery
 o - the ring "Myapt" {rN+ Slay+2 Stlth+}
   (You found it in the Dungeon)

   [ring of positive energy]

   Slay:      It affects your accuracy & damage with ranged weapons and melee
   (+2).
   rN:        It protects you from negative energy.
   Stlth:     It makes you more stealthy.
 x - a ring of positive energy
 y - a +6 ring of dexterity (left claw)
 z - a +6 ring of dexterity (right claw)
Wands
 u - a wand of mindburst (7)
 v - a wand of iceblast (7)
 w - a wand of light (7)
 E - a wand of flame (12)
Scrolls
 k - 4 scrolls of blinking
 q - 4 scrolls of amnesia
 r - 7 scrolls of fog
 s - 5 scrolls of identify
 t - a scroll of fear
Potions
 f - 10 potions of curing
 g - 9 potions of heal wounds
 h - 5 potions of haste
 i - 7 potions of magic
 j - 3 potions of berserk rage
 l - 2 potions of brilliance
 m - 2 potions of invisibility
 n - 4 potions of resistance
 p - 5 potions of might
Miscellaneous
 A - a phantom mirror


   Skills:
 * Level 5.3 Fighting
 + Level 3.5 Short Blades
 * Level 4.2 Ranged Weapons
 + Level 3.7 Throwing
 * Level 3.0 Dodging
 + Level 7.4 Stealth


You had 6 spell levels left.
You didn't know any spells.
Your spell library contained the following spells:

 Spells                   Type           Power      Damage    Failure   Level
 Beastly Appendage        Tmut           0%         N/A       43%         1
 Freeze                   Ice            0%         1d3       43%         1
 Wereblood                Tmut           0%         N/A       56%         2
 Frozen Ramparts          Ice            0%         1d1       80%         3
 Hailstorm                Conj/Ice       0%         3d3       80%         3
 Spider Form              Tmut/Pois      0%         N/A       80%         3
 Freezing Cloud           Conj/Ice/Air   0%         6-21      100%        5
 Metabolic Englaciation   Hex/Ice        0%         N/A       100%        5
 Yara's Violent Unravell  Hex/Tmut       0%         3d3       100%        5


Dungeon Overview and Level Annotations

Branches:
Dungeon (1/1)

Altars:
Ashenzari
Cheibriados
Dithmenos
Elyvilon
Fedhas
Gozag
Hepliaklqana
Kikubaaqudgha
Makhleb
Nemelex Xobeh
Okawaru
Qazlal
Ru
Sif Muna
Trog
Uskayaw
Vehumet
Wu Jian
Xom
Yredelemnul
Zin
The Shining One
Jiyva
Lugonu

Annotations:
D 1 transporter


Innate Abilities, Weirdness & Mutations

You are too large for most types of armour.
You have claws for hands.
Your natural rate of healing is unusually fast.
You are covered in fur. (AC +1)
You have tough skin. (AC +1)


Message History

You see here the +7 falchion "Benir" {antimagic, rC+ Will- Int+2}.
There is a transporter here.
Welcome to arena 5.
You enter the transporter and appear at another place.
A deep elf pyromancer, a deep elf knight, 2 dancing weapons and an air elemental come into view.
There is a +2 hand axe of electrocution.
There is a +2 glaive of protection.
The deep elf knight shouts!
The air elemental fires a burst of electricity at you.
The stunning burst hits you!
You suddenly lose the ability to move!
The air elemental fires a burst of electricity at you.
The stunning burst hits you!
You can move again.
Found five items.
Found a transporter.
You feel yourself speed up.
The deep elf pyromancer shouts!
The air elemental fires a burst of electricity at you.
The stunning burst hits you!
You shrug off the repeated paralysis!
The +2 glaive of protection hits you from afar!!
* * * LOW HITPOINT WARNING * * *
Unknown command.
You feel much better.
The air elemental fires a burst of electricity at you.
The stunning burst misses you.
The +2 glaive of protection hits you from afar.
Okay, then.
As you read the scroll of fear, it crumbles to dust.
You assume a fearsome visage.
The deep elf pyromancer looks frightened!
The deep elf knight looks frightened!
The +2 hand axe of electrocution is unaffected.
The air elemental is unaffected.
The +2 glaive of protection is unaffected.
The air elemental hits you! The air elemental misses you.
The deep elf knight mumbles some strange words.
The deep elf knight flickers and vanishes for a moment.
The deep elf pyromancer casts a spell.
The deep elf pyromancer blinks!
The +2 glaive of protection hits you from afar!!
You die...
Your body crumbles into a pile of gold.

▓..©..▓..©..▓▓▓▓▓▓▓
▓▓▓▓▓▓▓▓▓▓▓▓▓▓▓▓▓▓▓
▓..8©8...▓..8©8...▓
▓..[.[...▓..[|}...▓
▓...)....▓..§.).e.▓
▓........▓..e.....▓
▓........▓...((...▓
▓.▓....▓.▓...E....▓
▓...©....▓...@....▓
▓▓▓▓▓▓▓▓▓▓▓▓▓▓▓▓▓▓▓


You could see a deep elf knight (invisible, fleeing), a deep elf pyromancer
(fleeing), an air elemental and 2 dancing weapons.

Vanquished Creatures
  3 wolves (D)
  A phantom (D)
  A bullfrog (D)
  2 quasits (D)
  An iron imp (D)
  2 iguanas (D)
  An ufetubus (D)
  2 adder skeletons (D)
13 creatures vanquished.

Notes
Turn   | Place    | Note
-------+----------+-------------------------------------------
     0 | D        | FlurksSlurper the Troll Brigand began the quest for the
                  | Orb.
     0 | D        | Reached XP level 1. HP: 19/19 MP: 0/0
     0 | D        | Found a shimmering blue altar of Sif Muna.
     0 | D        | Found a bloodstained altar of Trog.
     0 | D        | Found a sacrificial altar of Ru.
     0 | D        | Found a stormy altar of Qazlal.
     0 | D        | Found an iron altar of Okawaru.
     1 | D        | Found a sparkling altar of Nemelex Xobeh.
     1 | D        | Found a blossoming altar of Fedhas.
     1 | D        | Found the +6 Majin-Bo {spellvamp, MP+6 Int+6}
     1 | D        | Found the +27 heavy crossbow "Sniper" {heavy, Acc+∞ SInv}
     1 | D        | Found the +10 dark maul {heavy}
     1 | D        | Found the +15 Maxwell's patent armour {-Cast -Tele rElec
                  | Will+ rCorr}
     1 | D        | Found the +18 shield of the Gong {Loud rN+ Will+ rCorr
                  | EV-5}
     1 | D        | Found the +16 obsidian axe {drain, demonic, Mesm Drain Fly
                  | SInv}
     1 | D        | Found the +7 great mace "Firestarter" {flame, immolate,
                  | rFlCloud rF++}
     1 | D        | Found the +6 shillelagh "Devastator" {shatter}
     1 | D        | Found the +11 plutonium sword {Contam Stlth-}
     1 | D        | Found the +8 lance "Wyrmbane" {slay drac, rPois rF+ rC+
                  | AC+3}
     1 | D        | Found the +9 sword of Zonguldrok {reap}
     1 | D        | Found the +13 scythe of Curses {drain, curses, Drain}
     1 | D        | Found the +9 sword of Power {lifebolt}
     1 | D        | Found the +7 mace of Variability {chaos, chaos arc}
     1 | D        | Found the +11 Singing Sword {sonic wave}
     1 | D        | Found the +8 storm bow {elec, penet}
     3 | D        | Found a transporter.
     3 | D        | Found an ancient bone altar of Kikubaaqudgha.
     3 | D        | Found a viscous altar of Jiyva.
     3 | D        | Found a corrupted altar of Lugonu.
     3 | D        | Found a hazy altar of Hepliaklqana.
     3 | D        | Found a burning altar of Makhleb.
     3 | D        | Found an opulent altar of Gozag.
    38 | D        | Became a worshipper of Gozag Ym Sagoz the Greedy
    46 | D        | Reached skill level 3 in Stealth
    46 | D        | Reached XP level 2. HP: 31/31 MP: 1/1
    56 | D        | Entered arena 2.
    56 | D        | Noticed a wolf
    56 | D        | Noticed a wolf
    56 | D        | Found a transporter.
    57 | D        | Killed a wolf
    58 | D        | Reached skill level 1 in Dodging
    58 | D        | Reached skill level 4 in Stealth
    58 | D        | Reached XP level 3. HP: 39/39 MP: 2/2
    58 | D        | Reached XP level 4. HP: 48/48 MP: 3/3
    58 | D        | Killed a wolf
    59 | D        | Reached skill level 5 in Stealth
    59 | D        | Reached XP level 5. HP: 54/54 MP: 4/4
    65 | D        | Got the ring "Myapt" {rN+ Slay+2 Stlth+}
    72 | D        | Entered arena 3.
    72 | D        | Noticed a phantom
    72 | D        | Found a transporter.
    73 | D        | Killed a phantom
    74 | D        | Reached skill level 6 in Stealth
    89 | D        | Entered arena 4.
    89 | D        | Found a transporter.
    91 | D        | Reached XP level 6. HP: 62/63 MP: 5/5
    95 | D        | Reached skill level 7 in Stealth
   112 | D        | Entered arena 5.
   112 | D        | Found a transporter.
   115 | D        | Reached skill level 5 in Fighting
   116 | D        | Reached XP level 7. HP: 70/72 MP: 6/6
   128 | D        | Got Experienced Theurgy
   138 | D        | Entered arena 6.
   138 | D        | Noticed a deep elf pyromancer
   138 | D        | Noticed a deep elf knight
   138 | D        | Noticed a +2 hand axe of electrocution
   138 | D        | Noticed an air elemental
   138 | D        | Noticed a +2 glaive of protection
   138 | D        | Found a transporter.
   138 | D        | Paralysed by an air elemental for 1 turns
   141 | D        | Mangled by a +2 glaive of protection

Illustrated notes

Levels and vault maps discovered:
D:        sprint_v [room_start, room_1, room_2, room_3, room_4, room_5, room_6,
          room_7, room_8, room_9, room_10, room_11, room_12, room_13, room_14,
          room_15, room_16, room_17, room_18, room_19, room_20, room_21,
          room_22, room_23, room_24, room_25, room_26, room_27]

Skill      XL: |  1  2  3  4  5  6  7 |
---------------+----------------------+-----
Fighting       | 3 4 5 |  5.3
Ranged Weapons | 3 4 |  4.2
Stealth        | 3 4 5 6 7 |  7.4
Short Blades   | 2 3 |  3.5
Throwing       | 2 3 |  3.7
Dodging        | 1 2 3 |  3.0

Action                     |  1- 3 |  4- 6 |  7- 9 || total
---------------------------+-------+-------+-------++-------
   Fire: Heavy crossbow    |     1 |    12 |     1 ||    14
    Use: Potion            |     1 |       |     2 ||     3
         Scroll            |       |       |     1 ||     1
 Armour: Robe              |       |     9 |       ||     9
  Dodge: Dodged            |       |    10 |     2 ||    12

Table legend: (Time is in decaauts)
 A = Elapsed time spent in this place.
 B = Non-inter-level travel time spent in this place.
 C = Inter-level travel time spent in this place.
 D = Time resting spent in this place.
 E = Time spent auto-exploring this place.
 F = Levels seen in this place.
 G = Mean time per level.
                   A        B        C        D        E       F      G
               +--------+--------+--------+--------+--------+-----+--------+
         Total |    173 |    173 |      0 |      0 |      0 |   1 |  173.0 |
       Dungeon |    173 |    173 |      0 |      0 |      0 |   1 |  173.0 |
               +--------+--------+--------+--------+--------+-----+--------+

Top non-repeatable levels by time:
       D: 173 daAuts
